 Dungeon Crawl Stone Soup version 0.28-a0-233-gb8ca4b6547 (webtiles) character file.

Game seed: 11815033512673051270

182 pokeman the Magician (level 5, -2/29 HPs)
             Began as a Deep Elf Hedge Wizard on Aug 22, 2021.
             Slain by an orc priest (3 damage)
             ... on level 4 of the Dungeon on Aug 23, 2021.
             The game lasted 00:07:32 (4034 turns).

pokeman the Magician (Deep Elf Hedge Wizard)        Turns: 4034, Time: 00:07:33

Health: -2/29      AC:  9    Str:  7    XL:     5   Next: 34%
Magic:  0/15       EV: 12    Int: 20    God:
Gold:   121        SH:  0    Dex: 14    Spells: 5/16 levels left

rFire   + . .      SeeInvis .   d - staff of fire
rCold   . . .      Faith    .   (no shield)
rNeg    . . .      Spirit   .   e - +0 leather armour
rPois   .          Reflect  .   o - +0 helmet
rElec   .          Harm     .   j - +2 cloak
rCorr   .          Rampage  .   n - +0 pair of gloves
Will    .....                   f - +0 pair of boots
Stlth   ++........              (no amulet)
HPRegen 0.09/turn               g - ring of flight
MPRegen 0.14/turn               (no ring)

@: flying, very slightly contaminated
A: no striking features
a: no special abilities


You were on level 4 of the Dungeon.
You visited 1 branch of the dungeon, and saw 4 of its levels.

You collected 121 gold pieces.

Inventory:

Missiles
 b - 41 arrows
 c - 7 curare-tipped darts
Armour
 e - a +0 leather armour (worn)
 f - a +0 pair of boots (worn)
 j - a +2 cloak (worn)
 n - a +0 pair of gloves (worn)
 o - a +0 helmet (worn)
Magical Staves
 d - a staff of fire (weapon)
Jewellery
 g - a ring of flight (left hand)
 q - an amulet of faith
Scrolls
 a - 3 scrolls of identify {unknown}
 h - a scroll of amnesia {unknown}
 l - a scroll of fear {unknown}
 p - a scroll of teleportation {unknown}
Potions
 i - 2 potions of curing
 k - a potion of lignification {unknown}
 m - 3 potions of magic {unknown}


   Skills:
 - Level 1.0 Fighting
 - Level 1.1 Armour
 - Level 3.0 Dodging
 + Level 2.6 Stealth
 * Level 6.2 Spellcasting
 + Level 2.6 Conjurations
 - Level 1.1 Summonings
 - Level 1.1 Translocations
 - Level 1.2 Fire Magic
 + Level 0.4 Evocations


You had 5 spell levels left.
You knew the following spells:

 Your Spells              Type           Power      Damage    Failure   Level
a - Magic Dart            Conj           64%        1d6       4%          1
b - Mephitic Cloud        Conj/Pois/Air  9%         N/A       30%         3
c - Call Imp              Summ           10%        N/A       14%         2
d - Blink                 Tloc           N/A        N/A       14%         2
e - Conjure Flame         Conj/Fire      21%        6-21      21%         3

Your spell library contained the following spells:

 Spells                   Type           Power      Damage    Failure   Level
 Slow                     Hex            6%         N/A       22%         2
 Manifold Assault         Tloc           10%        N/A       95%         5
 Storm Form               Tmut/Air       3%         N/A       100%        7


Dungeon Overview and Level Annotations

Branches:
Dungeon (4/15)
 Temple: D:4-7

Altars:
Ashenzari
Cheibriados
Gozag

Shops:
D:2 (

Annotations:
D:3 GameKiller's ghost, amateur FeAE
D:4 Edmund


Message History

Your magical contamination has completely faded away.
You start resting.
An orc priest is nearby!
Casting: Magic Dart (safe; 4% risk of failure)
Confirm with . or Enter, or press ? or * to list all spells.
The spell is extremely dangerous to cast (30% risk of failure)!
Continue anyway?
Aiming: Mephitic Cloud (extremely dangerous; 30% risk of failure)
Press: ? - help, Shift-Dir - straight line, f - orc priest
Aim: an orc priest, wielding a +0 hand axe and wearing a +0 leather armour (chance to affect: 86%)
You miscast Mephitic Cloud.
You are very lightly contaminated with residual magic.
Nothing appears to happen.
Unknown command.
Casting: Mephitic Cloud (extremely dangerous; 30% risk of failure)
Confirm with . or Enter, or press ? or * to list all spells.
You miscast Call Imp.
Nothing appears to happen.
The orc priest hits you but does no damage.
Unknown command.
You aren't carrying any items that you can evoke.
You don't have enough magic to cast this spell.
Throw: 8 darts (curare)
Press: ? - help, Shift-Dir - straight line, f/p - orc priest
Aim: an orc priest, wielding a +0 hand axe and wearing a +0 leather armour (57% to hit)
You throw a curare-tipped dart.
The curare-tipped dart hits the orc priest.
The orc priest is poisoned.
The orc priest convulses.
The orc priest seems to slow down.
The orc priest is heavily wounded.
The orc priest hits you but does no damage.
You closely miss the orc priest.
The orc priest is heavily wounded.
The orc priest mumbles some strange prayers to Beogh against you.
Beogh smites you!
* * * LOW HITPOINT WARNING * * *
Unknown command.
Unknown command.
You hit the orc priest.
The orc priest is severely wounded.
The orc priest hits you with a +0 hand axe.
You die...

#.............
#.#######†###. #.#
#.# o #.# #.# .
######.# #.# .
#......# #.# .
#.###### #.# .
#o### #.# # ##@.#
#.# ##.# ####..
#.######..####
###.........#
#.........#.#
#.#######.#.# #.##
#.#.# #..## #.#.#
##..#####.#†#####..


You could see an orc priest (very poisoned, slow).

Vanquished Creatures
  A centaur skeleton (D:4)
  Jessica (D:2)
  A hound skeleton (D:4)
  3 adders
  A gnoll (D:3)
  2 dart slugs (D:3)
  3 orcs (D:4)
  3 ball pythons
  An endoplasm (D:3)
  11 giant cockroaches
  3 hobgoblins (D:1)
  4 jackals (D:2)
  5 quokkas
  8 bats
  6 frilled lizards
  7 goblins
  7 kobolds
  6 rats
73 creatures vanquished.

Vanquished Creatures (others)
  6 plants (D:3)
6 creatures vanquished.

Grand Total: 79 creatures vanquished

Notes
Turn   | Place    | Note
-------+----------+-------------------------------------------
     0 | D:1      | pokeman the Deep Elf Hedge Wizard began the quest for the
                  | Orb.
     0 | D:1      | Reached XP level 1. HP: 10/10 MP: 7/7
   385 | D:1      | Reached XP level 2. HP: 15/15 MP: 3/9
   620 | D:1      | Found a faded altar of an unknown god.
   708 | D:1      | You fall into a shaft and drop 1 floor!
  1273 | D:2      | Found Astus's Weapon Emporium.
  1314 | D:2      | Reached skill level 5 in Spellcasting
  1546 | D:2      | Reached XP level 3. HP: 20/20 MP: 8/11
  1550 | D:2      | Learned a level 3 spell: Mephitic Cloud
  1553 | D:2      | Learned a level 2 spell: Call Imp
  1556 | D:2      | Learned a level 2 spell: Blink
  1560 | D:2      | Learned a level 3 spell: Conjure Flame
  1690 | D:2      | Noticed Jessica
  1695 | D:2      | Killed Jessica
  1696 | D:2      | Reached skill level 1 in Fighting
  1696 | D:2      | Reached skill level 1 in Armour
  2346 | D:3      | Reached XP level 4. HP: 23/25 MP: 2/13
  2804 | D:3      | Found an opulent altar of Gozag.
  2864 | D:3      | Found a broken altar of Ashenzari.
  3004 | D:3      | Found a snail-covered altar of Cheibriados.
  3024 | D:3      | Noticed GameKiller's ghost (amateur FeAE)
  3025 | D:3      | Found a transporter.
  3057 | D:3      | Found a transporter.
  3567 | D:3      | Reached skill level 1 in Fire Magic
  3808 | D:4      | Noticed Edmund
  3824 | D:4      | Reached skill level 6 in Spellcasting
  3824 | D:4      | Reached XP level 5. HP: 27/29 MP: 10/15
  4033 | D:4      | HP: 1/29 [orc priest/divine providence (10)]
  4034 | D:4      | Slain by an orc priest

Illustrated notes

Levels and vault maps discovered:
D:1:      dpeg_arrival_short_road, layout_basic, shapermc_ecumenical_altar_petra
D:2:      layout_loops_ring, serial_shops, nicolae_diamond_shop,
          grunt_ministairs_12, hangedman_decor_push, nrook_campfire,
          minmay_misc_feat_rugged, kennysheep_generic_room_2, uniq_jessica
D:3:      minmay_roachtagon, layout_loops_ring, mainiacjoe_overflow_catwalk,
          kennysheep_slug_shrine, mainiacjoe_overflow_24_doors,
          gammafunk_ghost_gnarly_gnolls, chequers_serial_rivers_large_a
D:4:      cheibrodos_quashed, layout_loops_ring, makhleb_heckhound_becter,
          uniq_edmund

Skill      XL: |  1  2  3  4 |
---------------+-------------+-----
Spellcasting   | 5 6 |  6.2
Fighting       | 1 |  1.0
Armour         | 1 |  1.1
Conjurations   | 2 |  2.6
Fire Magic     | 1 |  1.2
Dodging        | 3 |  3.0
Stealth        | |  2.6
Summonings     | |  1.1
Translocations | |  1.1
Evocations     | |  0.4

Action                   |  1- 3 |  4- 6 || total
-------------------------+-------+-------++-------
Melee: Staff             |     5 |    16 ||    21
Throw: Dart              |       |     1 ||     1
 Cast: Magic Dart        |    95 |    65 ||   160
       Mephitic Cloud    |     1 |     2 ||     3
       Conjure Flame     |       |     3 ||     3
       Blink             |       |     2 ||     2
       Call Imp          |       |     1 ||     1
  Use: Potion            |       |     1 ||     1
Armor: Robe              |     1 |       ||     1
       Leather armour    |     9 |    20 ||    29
Dodge: Dodged            |    19 |    23 ||    42

Table legend: (Time is in decaauts)
 A = Elapsed time spent in this place.
 B = Non-inter-level travel time spent in this place.
 C = Inter-level travel time spent in this place.
 D = Time resting spent in this place.
 E = Time spent auto-exploring this place.
 F = Levels seen in this place.
 G = Mean time per level.
                   A        B        C        D        E       F      G
               +--------+--------+--------+--------+--------+-----+--------+
         Total |   4038 |   3851 |    187 |    482 |   2731 |   4 | 1009.5 |
       Dungeon |   4038 |   3851 |    187 |    482 |   2731 |   4 | 1009.5 |
               +--------+--------+--------+--------+--------+-----+--------+

Top non-repeatable levels by time:
     D:3: 1522 daAuts
     D:2: 1291 daAuts
     D:1: 1005 daAuts
     D:4: 219 daAuts
